[Event "CZE-ch Youth G10-G12-G14 2022"]
[Site "Luhacovice"]
[Date "2022.03.15"]
[Round "5.18"]
[White "Krisicova Neli"]
[Black "Martinkova Klara"]
[Result "0-1"]
[ECO "A01"]
[WhiteElo "1093"]
[BlackElo "1177"]
[Annotator "NA"]
[PlyCount "92"]
[EventDate "2022.03.12"]
[EventType "swiss"]
[EventCountry "CZE"]
[SourceTitle "playchess.com"]
[Source "ChessBase"]
[SourceQuality "1"]
[TimeControl "40/5400+30:1800+30"]

1. b3 e5 2. Bb2 Nc6 3. e3 Nf6 4. Bb5 Bd6 5. d3 O-O 6. Nf3 Qe7 7. O-O a6 8. Bxc6 dxc6 9. Nbd2 Bg4 10. c4 b6 11. Qc2 Rfe8 12. Rfe1 Rad8 13. d4 exd4 14. Nxd4 Qd7 15. e4 Be5 16. N4f3 Bxb2 17. Qxb2 Bxf3 18. e5 Qxd2 19. Qxd2 Rxd2 20. exf6 Rxe1+ 21. Rxe1 Rd1 22. Rxd1 Bxd1 23. fxg7 Kxg7 24. Kf1 Bc2 25. Ke1 Bb1 26. a3 Ba2 27. b4 Bxc4 28. g3 a5 29. bxa5 bxa5 30. Kd2 Kf6 31. Kc3 Ba6 32. Kd4 Ke6 33. Ke3 Kd5 34. Kd2 Kd4 35. f4 Bc8 36. h4 Bg4 37. a4 c5 38. Kc2 Kc4 39. Kb2 Kd3 40. Kc1 c4 41. Kb2 Kd2 42. Kb1 c3 43. Ka2 c2 44. Ka3 c1=Q+ 45. Ka2 Kc2 46. f5 Qb2# 0-1

[Event "CZE-ch Youth G10-G12-G14 2022"]
[Site "Luhacovice"]
[Date "2022.03.15"]
[Round "5.19"]
[White "Bouchalova, Kveta"]
[Black "Bartova Hana"]
[Result "0-1"]
[ECO "C30"]
[WhiteElo "1303"]
[BlackElo "1000"]
[Annotator "NA"]
[PlyCount "85"]
[EventDate "2022.03.12"]
[EventType "swiss"]
[EventCountry "CZE"]
[SourceTitle "playchess.com"]
[Source "ChessBase"]
[SourceQuality "1"]
[TimeControl "40/5400+30:1800+30"]

1. e4 e5 2. f4 Bc5 3. Nf3 d6 4. Nc3 Nf6 5. Bc4 O-O 6. d3 Nc6 7. Na4 Bb6 8. Nxb6 axb6 9. O-O Bg4 10. Qe1 Bxf3 11. Rxf3 Nd4 12. Rf2 b5 13. c3 bxc4 14. cxd4 cxd3 15. Rf3 exd4 16. Rxd3 c5 17. Kf2 Re8 18. Kf3 Nxe4 19. Qxe4 Rxe4 20. Kxe4 Qe7+ 21. Kf3 f5 22. Kg3 Qe4 23. Rb3 c4 24. Rb6 Rd8 25. Kf2 Qc2+ 26. Kg3 Qd1 27. Rxb7 d3 28. b4 d2 29. Rxg7+ Kf8 30. Bxd2 Qxa1 31. Rb7 Qxa2 32. Be3 Re8 33. Bd4 Qb3+ 34. Kh4 c3 35. Bg7+ Kg8 36. Kg5 c2 37. Bf6 c1=Q 38. Rg7+ Kf8 39. Kh6 Qxf4+ 40. Kxh7 Qxh2+ 41. Kg6 Qxg2+ 42. Bg5 Qe6+ 43. Kh5 0-1

[Event "CZE-ch Youth G10-G12-G14 2022"]
[Site "Luhacovice"]
[Date "2022.03.15"]
[Round "5.20"]
[White "Barteckova, Valerie"]
[Black "Havelkova Kamila"]
[Result "1-0"]
[ECO "D20"]
[WhiteElo "1250"]
[BlackElo "1092"]
[Annotator "NA"]
[PlyCount "91"]
[EventDate "2022.03.12"]
[EventType "swiss"]
[EventCountry "CZE"]
[SourceTitle "playchess.com"]
[Source "ChessBase"]
[SourceQuality "1"]
[TimeControl "40/5400+30:1800+30"]

1. d4 d5 2. c4 dxc4 3. e4 e5 4. d5 b5 5. Nc3 Bd7 6. Nf3 Bd6 7. Be2 Nf6 8. Bg5 O-O 9. O-O c6 10. Re1 Be7 11. Nxe5 Be8 12. Nf3 cxd5 13. Nxd5 Nxd5 14. Bxe7 Qxe7 15. exd5 Qf6 16. Qd4 Qg6 17. Ne5 Qd6 18. Rad1 Na6 19. Nc6 Bxc6 20. dxc6 Qxc6 21. Bf3 Qc8 22. Bxa8 Qxa8 23. Re7 Qb8 24. Qxa7 Qc8 25. Qb7 Qg4 26. f3 Qg5 27. Qe4 Qc5+ 28. Qe3 Qc8 29. Rdd7 Nc5 30. Rc7 Qd8 31. Rxc5 Qd1+ 32. Kf2 Qd8 33. Rce5 h5 34. Re8 Rxe8 35. Rxe8+ Qxe8 36. Qxe8+ Kh7 37. Qxb5 Kg6 38. a4 f5 39. a5 c3 40. bxc3 Kg5 41. a6 h4 42. a7 h3 43. a8=Q hxg2 44. Qd8+ Kf4 45. Qc4+ Ke5 46. f4# 1-0

[Event "CZE-ch Youth G10-G12-G14 2022"]
[Site "Luhacovice"]
[Date "2022.03.15"]
[Round "5.21"]
[White "Mojzisova Barbora"]
[Black "Stavova, Lucie"]
[Result "0-1"]
[ECO "C66"]
[WhiteElo "1089"]
[BlackElo "1048"]
[Annotator "NA"]
[PlyCount "83"]
[EventDate "2022.03.12"]
[EventType "swiss"]
[EventCountry "CZE"]
[SourceTitle "playchess.com"]
[Source "ChessBase"]
[SourceQuality "1"]
[TimeControl "40/5400+30:1800+30"]

1. e4 e5 2. Nf3 Nc6 3. Nc3 Nf6 4. Bb5 d6 5. d4 Bd7 6. O-O Be7 7. dxe5 Nxe5 8. Nxe5 dxe5 9. Bxd7+ Qxd7 10. Qxd7+ Nxd7 11. Nd5 Bd6 12. b4 c6 13. Ne3 Bxb4 14. Bb2 O-O 15. Nc4 Rfe8 16. Rab1 Bc5 17. Rbd1 Rad8 18. Nxe5 Nxe5 19. Rxd8 Rxd8 20. Bxe5 Re8 21. Bb2 Rxe4 22. Rd1 h6 23. Kf1 Bb4 24. c3 Bc5 25. Re1 Rxe1+ 26. Kxe1 Kf8 27. Ke2 Ke7 28. f3 f5 29. Kd3 b5 30. c4 b4 31. Bxg7 h5 32. h3 Kf7 33. Bd4 Bxd4 34. Kxd4 a5 35. Kc5 Ke6 36. Kxc6 a4 37. Kb6 b3 38. c5 bxa2 39. c6 a1=Q 40. c7 Qd4+ 41. Kb7 Qd7 42. Kb6 0-1

[Event "CZE-ch Youth G10-G12-G14 2022"]
[Site "Luhacovice"]
[Date "2022.03.15"]
[Round "5.22"]
[White "Pruskova, Justyna"]
[Black "Lukaskova Ellen"]
[Result "0-1"]
[ECO "C49"]
[WhiteElo "1003"]
[BlackElo "1058"]
[Annotator "NA"]
[PlyCount "86"]
[EventDate "2022.03.12"]
[EventType "swiss"]
[EventCountry "CZE"]
[SourceTitle "playchess.com"]
[Source "ChessBase"]
[SourceQuality "1"]
[TimeControl "40/5400+30:1800+30"]

1. e4 e5 2. Nf3 Nc6 3. Nc3 Nf6 4. Bb5 Bb4 5. O-O d6 6. d4 O-O 7. Bxc6 bxc6 8. Bg5 Bg4 9. h3 Bxf3 10. Qxf3 exd4 11. Ne2 Bc5 12. Ng3 h6 13. Bxf6 Qxf6 14. Nf5 Rfe8 15. Rfe1 Bb4 16. Red1 c5 17. Qf4 Qg5 18. Qf3 Qf6 19. h4 Qe5 20. Qg4 Qf6 21. Rd3 Qg6 22. Qf4 Qh7 23. Rg3 g5 24. hxg5 h5 25. Nh6+ Kh8 26. Nxf7+ Kg8 27. Qf6 Qxf7 28. Rd1 Qxf6 29. gxf6+ Kf7 30. Rf3 Rxe4 31. Kh2 Re6 32. c3 dxc3 33. bxc3 Ba5 34. Rd5 Rxf6 35. Rxf6+ Kxf6 36. Rxh5 Bxc3 37. g4 Kg6 38. f4 Rh8 39. f5+ Kf7 40. Kg3 Rxh5 41. gxh5 Kg7 42. Kf4 d5 43. Kg5 Bd2+ 0-1

[Event "CZE-ch Youth G10-G12-G14 2022"]
[Site "Luhacovice"]
[Date "2022.03.15"]
[Round "5.23"]
[White "Sochorova Valentyna"]
[Black "Kavanova Valentyna"]
[Result "1-0"]
[ECO "C01"]
[WhiteElo "1201"]
[BlackElo "1000"]
[Annotator "NA"]
[PlyCount "105"]
[EventDate "2022.03.12"]
[EventType "swiss"]
[EventCountry "CZE"]
[SourceTitle "playchess.com"]
[Source "ChessBase"]
[SourceQuality "1"]
[TimeControl "40/5400+30:1800+30"]

1. e4 e6 2. d4 d5 3. Bd3 c5 4. exd5 exd5 5. Nf3 Nc6 6. Bb5 Bd7 7. O-O Nf6 8. Bg5 Be7 9. Re1 O-O 10. Nc3 a6 11. Bf1 Re8 12. dxc5 Qa5 13. Nxd5 Nxd5 14. Qxd5 Bxg5 15. Rxe8+ Bxe8 16. Nxg5 b6 17. Bc4 Qxc5 18. Qxc5 bxc5 19. Re1 Kh8 20. Nxf7+ Bxf7 21. Bxf7 h6 22. Bg6 Kg8 23. h3 Kf8 24. Be4 Rc8 25. Kf1 Nb4 26. a3 Nc6 27. Ke2 Nd4+ 28. Kd2 Rd8 29. Bd3 Nb5 30. c4 Nc7 31. Re5 Kf7 32. Rxc5 Ne6 33. Rd5 Rxd5 34. cxd5 Nc5 35. Bc4 a5 36. Kc3 Kf6 37. Kd4 Na4 38. b3 Nb6 39. a4 Nxc4 40. bxc4 Ke7 41. Ke5 Kd7 42. c5 g5 43. c6+ Kc7 44. d6+ Kxc6 45. Ke6 Kc5 46. d7 Kb4 47. d8=Q Kxa4 48. Qb8 Ka3 49. Kd5 a4 50. Kc4 Ka2 51. Kc3 a3 52. Kc2 Ka1 53. Qb1# 1-0

[Event "CZE-ch Youth G10-G12-G14 2022"]
[Site "Luhacovice"]
[Date "2022.03.15"]
[Round "5.24"]
[White "Archlebova Eva"]
[Black "Kubatova Beta"]
[Result "0-1"]
[ECO "B50"]
[WhiteElo "1040"]
[BlackElo "1071"]
[Annotator "NA"]
[PlyCount "84"]
[EventDate "2022.03.12"]
[EventType "swiss"]
[EventCountry "CZE"]
[SourceTitle "playchess.com"]
[Source "ChessBase"]
[SourceQuality "1"]
[TimeControl "40/5400+30:1800+30"]

1. e4 c5 2. Nf3 Nc6 3. Bc4 d6 4. Nc3 Nf6 5. d3 g6 6. Bg5 Bg7 7. O-O O-O 8. Qd2 Bd7 9. Nd5 a6 10. Nxf6+ exf6 11. Bf4 Bg4 12. Qe3 f5 13. Bd5 Bxf3 14. Qxf3 fxe4 15. Qxe4 Re8 16. Qc4 Rf8 17. Rae1 Rc8 18. Qb3 b5 19. a4 Nd4 20. Qc3 Ne2+ 21. Rxe2 Bxc3 22. bxc3 bxa4 23. Re4 a3 24. h3 Rb8 25. d4 cxd4 26. cxd4 Rb2 27. Rfe1 a2 28. Bxa2 Rxa2 29. Bh6 Rxc2 30. d5 Rc8 31. Bxf8 Qxf8 32. f4 a5 33. g4 Ra8 34. h4 h5 35. gxh5 gxh5 36. f5 Qg7+ 37. Kh2 Qb2+ 38. Kg3 a4 39. Rg1 Kf8 40. Kf4 Qf2+ 41. Kg5 Qxg1+ 42. Kf6 Qg7# 0-1

[Event "CZE-ch Youth G10-G12-G14 2022"]
[Site "Luhacovice"]
[Date "2022.03.15"]
[Round "5.25"]
[White "Zezulova Sara"]
[Black "Nova Anezka"]
[Result "0-1"]
[ECO "C55"]
[WhiteElo "1000"]
[BlackElo "1111"]
[Annotator "NA"]
[PlyCount "50"]
[EventDate "2022.03.12"]
[EventType "swiss"]
[EventCountry "CZE"]
[SourceTitle "playchess.com"]
[Source "ChessBase"]
[SourceQuality "1"]
[TimeControl "40/5400+30:1800+30"]

1. e4 e5 2. Nf3 Nc6 3. Bc4 Nf6 4. c3 d5 5. exd5 Nxd5 6. Bxd5 Qxd5 7. O-O Bg4 8. h3 e4 9. hxg4 exf3 10. Re1+ Be7 11. d3 fxg2 12. Bf4 O-O-O 13. Na3 Bh4 14. Qd2 Qf3 15. Qe3 Rxd3 16. Qxf3 Rxf3 17. Kxg2 Rxf4 18. Rf1 Rxg4+ 19. Kh3 Rf4 20. Kg2 Re8 21. Nc4 Rxc4 22. f3 Re2+ 23. Kh3 Bf6 24. Rad1 Be5 25. Rc1 Rh2# 0-1

[Event "CZE-ch Youth G10-G12-G14 2022"]
[Site "Luhacovice"]
[Date "2022.03.15"]
[Round "5.26"]
[White "Rezacova Julie"]
[Black "Spetlova Stella"]
[Result "1-0"]
[ECO "B50"]
[WhiteElo "1063"]
[BlackElo "1000"]
[Annotator "NA"]
[PlyCount "75"]
[EventDate "2022.03.12"]
[EventType "swiss"]
[EventCountry "CZE"]
[SourceTitle "playchess.com"]
[Source "ChessBase"]
[SourceQuality "1"]
[TimeControl "40/5400+30:1800+30"]

1. e4 c5 2. Nf3 Nf6 3. Nc3 Nc6 4. Be2 d6 5. d3 Be6 6. O-O Qd7 7. Bd2 O-O-O 8. Be3 Ng4 9. Bd2 g6 10. a3 Bg7 11. Rb1 Nce5 12. b4 Nxf3+ 13. Bxf3 Be5 14. g3 h5 15. bxc5 dxc5 16. Nd5 h4 17. Bf4 Bxf4 18. Nxf4 Nf6 19. Nxe6 fxe6 20. e5 Nd5 21. Qd2 hxg3 22. fxg3 Rh7 23. c4 Nb6 24. a4 Qxa4 25. Be4 Qe8 26. Qg5 Rh5 27. Qg4 Na4 28. Qxe6+ Qd7 29. Bxb7+ Kc7 30. Qa6 Qd4+ 31. Kh1 Rxh2+ 32. Kxh2 Rh8+ 33. Kg2 Qd7 34. Be4 Nc3 35. Rb7+ Kd8 36. Rxd7+ Kxd7 37. Qxa7+ Ke6 38. Qxc5 1-0

[Event "CZE-ch Youth G10-G12-G14 2022"]
[Site "Luhacovice"]
[Date "2022.03.15"]
[Round "5.27"]
[White "Archlebova Iva"]
[Black "Martinkovicova Nela"]
[Result "1/2-1/2"]
[ECO "C42"]
[WhiteElo "1028"]
[BlackElo "1032"]
[Annotator "NA"]
[PlyCount "61"]
[EventDate "2022.03.12"]
[EventType "swiss"]
[EventCountry "CZE"]
[SourceTitle "playchess.com"]
[Source "ChessBase"]
[SourceQuality "1"]
[TimeControl "40/5400+30:1800+30"]

1. e4 e5 2. Nf3 Nf6 3. Nc3 Bb4 4. Nxe5 O-O 5. Bc4 Qe7 6. Nf3 Bxc3 7. dxc3 Qxe4+ 8. Be2 d5 9. O-O Bf5 10. Bd3 Qe6 11. Re1 Qd7 12. Bf4 Nc6 13. Bb5 Rae8 14. Ne5 Qe6 15. Nf3 Qd7 16. h3 Rxe1+ 17. Qxe1 Bxc2 18. Qe2 Bf5 19. Rd1 Re8 20. Qd2 h6 21. Ne5 Qe6 22. Re1 Ne4 23. Qe2 Re7 24. Bxc6 bxc6 25. c4 g5 26. Bh2 f6 27. Ng4 Bxg4 28. Qxg4 Kf7 29. Qh5+ Kg7 30. cxd5 Qd7 31. f3 1/2-1/2

[Event "CZE-ch Youth G10-G12-G14 2022"]
[Site "Luhacovice"]
[Date "2022.03.15"]
[Round "5.28"]
[White "Maresova Denisa"]
[Black "Kubickova Linda"]
[Result "1-0"]
[ECO "A25"]
[WhiteElo "1103"]
[BlackElo "1000"]
[Annotator "NA"]
[PlyCount "41"]
[EventDate "2022.03.12"]
[EventType "swiss"]
[EventCountry "CZE"]
[SourceTitle "playchess.com"]
[Source "ChessBase"]
[SourceQuality "1"]
[TimeControl "40/5400+30:1800+30"]

1. c4 e5 2. Nc3 Nc6 3. g3 Nf6 4. Bg2 Bc5 5. d3 Ng4 6. e3 d6 7. Nf3 O-O 8. O-O Bb4 9. d4 exd4 10. Nxd4 Nxd4 11. exd4 Re8 12. Bf4 Bxc3 13. bxc3 c6 14. Rb1 Rb8 15. Bxc6 Re7 16. Bg2 Bf5 17. Rc1 Qc8 18. Bxd6 Re8 19. Bxb8 Qxb8 20. Qa4 h6 21. Rfe1 1-0

[Event "CZE-ch Youth G10-G12-G14 2022"]
[Site "Luhacovice"]
[Date "2022.03.15"]
[Round "5.29"]
[White "Hetfleischova, Elen"]
[Black "Rybackova, Lucie"]
[Result "0-1"]
[ECO "B33"]
[WhiteElo "1363"]
[BlackElo "1612"]
[Annotator "NA"]
[PlyCount "66"]
[EventDate "2022.03.12"]
[EventType "swiss"]
[EventCountry "CZE"]
[SourceTitle "playchess.com"]
[Source "ChessBase"]
[SourceQuality "1"]
[TimeControl "40/5400+30:1800+30"]

1. e4 c5 2. Nf3 Nc6 3. d4 cxd4 4. Nxd4 Nf6 5. Nc3 e5 6. Nxc6 bxc6 7. Bc4 Bb4 8. Qd3 d5 9. exd5 cxd5 10. Bb5+ Bd7 11. O-O Bxc3 12. Bxd7+ Nxd7 13. Qxc3 O-O 14. Qg3 Qf6 15. Qg5 Qxg5 16. Bxg5 f6 17. Be3 d4 18. Bd2 Rab8 19. b4 Rfc8 20. Rfc1 Nb6 21. a4 Nd5 22. Rab1 Rc4 23. Rb3 Nxb4 24. Rcb1 a5 25. g3 Rxc2 26. R3b2 Rxb2 27. Rxb2 Kf7 28. Kf1 Ke6 29. Ke2 Kd5 30. f3 f5 31. h3 e4 32. f4 e3 33. Bxe3 Re8 0-1

[Event "CZE-ch Youth G10-G12-G14 2022"]
[Site "Luhacovice"]
[Date "2022.03.15"]
[Round "5.30"]
[White "Zadrapova, Amalie"]
[Black "Dobsa, Emma"]
[Result "0-1"]
[ECO "C67"]
[WhiteElo "1582"]
[BlackElo "1425"]
[Annotator "NA"]
[PlyCount "73"]
[EventDate "2022.03.12"]
[EventType "swiss"]
[EventCountry "CZE"]
[SourceTitle "playchess.com"]
[Source "ChessBase"]
[SourceQuality "1"]
[TimeControl "40/5400+30:1800+30"]

1. e4 e5 2. Nf3 Nc6 3. Bb5 Nf6 4. O-O Nxe4 5. d4 Nd6 6. Bxc6 dxc6 7. dxe5 Nf5 8. Qxd8+ Kxd8 9. Nc3 Bd7 10. Bf4 Kc8 11. Ng5 Be8 12. g4 Nd4 13. Rad1 c5 14. Kg2 h6 15. Nge4 Nxc2 16. Rd2 Nd4 17. Rfd1 Bc6 18. f3 Ne6 19. Bg3 Be7 20. Nd5 Bxd5 21. Rxd5 b6 22. R5d2 Kb7 23. Nc3 Bg5 24. Rd7 Rhf8 25. h4 Bf4 26. Nd5 Bxg3 27. Kxg3 Rad8 28. Ne3 Rxd7 29. Rxd7 Kc8 30. Rd1 Nd4 31. f4 Re8 32. h5 f6 33. e6 Rxe6 34. Kf2 Re4 35. Rd2 Rxf4+ 36. Kg2 Nf3 37. Kg3 0-1

[Event "CZE-ch Youth G10-G12-G14 2022"]
[Site "Luhacovice"]
[Date "2022.03.15"]
[Round "5.31"]
[White "Barteckova, Denisa"]
[Black "Dudkova, Josefina"]
[Result "1/2-1/2"]
[ECO "B76"]
[WhiteElo "1323"]
[BlackElo "1545"]
[Annotator "NA"]
[PlyCount "63"]
[EventDate "2022.03.12"]
[EventType "swiss"]
[EventCountry "CZE"]
[SourceTitle "playchess.com"]
[Source "ChessBase"]
[SourceQuality "1"]
[TimeControl "40/5400+30:1800+30"]

1. e4 c5 2. Nf3 d6 3. d4 cxd4 4. Nxd4 Nf6 5. Nc3 g6 6. Be3 Bg7 7. f3 O-O 8. Qd2 Nc6 9. O-O-O Nxd4 10. Bxd4 Be6 11. g4 Qa5 12. a3 Rfc8 13. h4 Bc4 14. g5 Nh5 15. Bxc4 Rxc4 16. Bxg7 Kxg7 17. Nd5 Qxd2+ 18. Rxd2 e6 19. Ne3 Rc6 20. Rhd1 Rd8 21. Ng4 f6 22. gxf6+ Nxf6 23. Ne5 Ra6 24. Nc4 d5 25. Kb1 b5 26. Ne3 Rc6 27. c3 Rc7 28. Ng4 Rcd7 29. Ne5 Rd6 30. c4 bxc4 31. Nxc4 R6d7 32. Ne5 1/2-1/2

[Event "CZE-ch Youth G10-G12-G14 2022"]
[Site "Luhacovice"]
[Date "2022.03.15"]
[Round "5.32"]
[White "Mikesova, Lenka"]
[Black "Filipova, Vanesa"]
[Result "1/2-1/2"]
[ECO "C01"]
[WhiteElo "1364"]
[BlackElo "1146"]
[Annotator "NA"]
[PlyCount "49"]
[EventDate "2022.03.12"]
[EventType "swiss"]
[EventCountry "CZE"]
[SourceTitle "playchess.com"]
[Source "ChessBase"]
[SourceQuality "1"]
[TimeControl "40/5400+30:1800+30"]

1. e4 e6 2. d4 d5 3. Bd3 c5 4. exd5 Qxd5 5. Nc3 Qxd4 6. Be3 Qd8 7. Nf3 Nf6 8. O-O Be7 9. Qe2 O-O 10. Rad1 Bd7 11. Ne4 Qc7 12. Bxc5 Re8 13. Bxe7 Nxe4 14. Qxe4 f5 15. Qh4 Nc6 16. Ba3 Ne5 17. Nxe5 Qxe5 18. Rfe1 Qc7 19. g4 g6 20. gxf5 exf5 21. Bc4+ Kg7 22. Re7+ Rxe7 23. Bxe7 Bc6 24. Qf6+ Kh6 25. Bd6 1/2-1/2

[Event "CZE-ch Youth G10-G12-G14 2022"]
[Site "Luhacovice"]
[Date "2022.03.15"]
[Round "5.34"]
[White "Veverkova, Dorota"]
[Black "Sikorova, Jana"]
[Result "0-1"]
[ECO "B23"]
[WhiteElo "1320"]
[BlackElo "1427"]
[Annotator "NA"]
[PlyCount "64"]
[EventDate "2022.03.12"]
[EventType "swiss"]
[EventCountry "CZE"]
[SourceTitle "playchess.com"]
[Source "ChessBase"]
[SourceQuality "1"]
[TimeControl "40/5400+30:1800+30"]

1. e4 c5 2. Nc3 e6 3. f4 a6 4. Nf3 Qc7 5. d3 b5 6. Be3 Bb7 7. Ne2 Nf6 8. Ng3 d6 9. Be2 Nbd7 10. Qd2 Rc8 11. b3 Be7 12. Rd1 O-O 13. O-O Ng4 14. f5 Nxe3 15. Qxe3 exf5 16. Nxf5 Bf6 17. N3h4 g6 18. Rf3 gxf5 19. Qh6 Bxh4 20. Qxh4 f6 21. c3 fxe4 22. Rg3+ Kh8 23. Rh3 Ne5 24. d4 Ng6 25. Qh6 Qg7 26. Bg4 Qxh6 27. Rxh6 f5 28. Bh5 Kg7 29. Bxg6 Kxh6 30. Bxf5 Rxf5 31. dxc5 Rfxc5 32. Rxd6+ Kh5 0-1

[Event "CZE-ch Youth G10-G12-G14 2022"]
[Site "Luhacovice"]
[Date "2022.03.15"]
[Round "5.35"]
[White "Cinkova, Vicky"]
[Black "Foldynova Julie"]
[Result "1-0"]
[ECO "C42"]
[WhiteElo "1317"]
[BlackElo "1000"]
[Annotator "NA"]
[PlyCount "60"]
[EventDate "2022.03.12"]
[EventType "swiss"]
[EventCountry "CZE"]
[SourceTitle "playchess.com"]
[Source "ChessBase"]
[SourceQuality "1"]
[TimeControl "40/5400+30:1800+30"]

1. e4 e5 2. Nf3 Nf6 3. Nc3 Bb4 4. Bc4 Nc6 5. O-O O-O 6. d3 d6 7. Bg5 Bxc3 8. bxc3 Be6 9. Bb3 h6 10. Bh4 b5 11. Rb1 Rb8 12. Bxe6 fxe6 13. d4 Qd7 14. dxe5 Nxe5 15. Nxe5 dxe5 16. Bxf6 Qxd1 17. Rfxd1 Rxf6 18. Rd7 Rf7 19. Rbd1 Rxd7 20. Rxd7 Rc8 21. Re7 Rd8 22. Kf1 Rd2 23. Rxc7 Rxc2 24. Rxa7 Rxc3 25. Rb7 Rc5 26. Ke2 Kh7 27. Kf3 Kg6 28. g4 Kf6 29. h4 g6 30. Kg2 h5 1-0

[Event "CZE-ch Youth G10-G12-G14 2022"]
[Site "Luhacovice"]
[Date "2022.03.15"]
[Round "5.36"]
[White "Kavanova, Anezka"]
[Black "Reznickova, Sibyla"]
[Result "1/2-1/2"]
[ECO "C50"]
[WhiteElo "1089"]
[BlackElo "1304"]
[Annotator "NA"]
[PlyCount "90"]
[EventDate "2022.03.12"]
[EventType "swiss"]
[EventCountry "CZE"]
[SourceTitle "playchess.com"]
[Source "ChessBase"]
[SourceQuality "1"]
[TimeControl "40/5400+30:1800+30"]

1. e4 e5 2. Nc3 Bc5 3. Nf3 Nc6 4. Bc4 d6 5. h3 Be6 6. Bb3 Nf6 7. d3 h6 8. O-O O-O 9. Be3 Bb6 10. d4 d5 11. exd5 Nxd5 12. Nxd5 Bxd5 13. dxe5 Bxb3 14. axb3 Re8 15. Bf4 Nb4 16. Qe2 f6 17. Rfd1 Qe7 18. Qc4+ Kh7 19. exf6 Qxf6 20. Qxb4 Re2 21. Be3 Bxe3 22. Qe4+ Qg6 23. Qxg6+ Kxg6 24. fxe3 Rxc2 25. Rab1 Re8 26. Re1 Kf6 27. e4 Rc5 28. e5+ Kf5 29. Rbd1 g5 30. e6 Kf6 31. Nd2 Rc2 32. Ne4+ Kf5 33. Rb1 Rxe6 34. Ng3+ Kf6 35. Nh5+ Kf7 36. Rxe6 Kxe6 37. Kf1 Kf5 38. Ng3+ Kf4 39. Ne2+ Ke3 40. Ng3 Kf4 41. Ne2+ Ke3 42. Nc3 Kf4 43. Nd1 Kg3 44. Ne3 Rf2+ 45. Ke1 h5 1/2-1/2

[Event "CZE-ch Youth G10-G12-G14 2022"]
[Site "Luhacovice"]
[Date "2022.03.15"]
[Round "5.37"]
[White "Brezikova, Beata"]
[Black "Lackova, Ludmila"]
[Result "1-0"]
[ECO "C41"]
[WhiteElo "1266"]
[BlackElo "1167"]
[Annotator "NA"]
[PlyCount "113"]
[EventDate "2022.03.12"]
[EventType "swiss"]
[EventCountry "CZE"]
[SourceTitle "playchess.com"]
[Source "ChessBase"]
[SourceQuality "1"]
[TimeControl "40/5400+30:1800+30"]

1. e4 e5 2. Nf3 d6 3. d4 exd4 4. Nxd4 Nf6 5. Nc3 Be7 6. Be3 O-O 7. Be2 Nc6 8. O-O Ne5 9. h3 Be6 10. Rb1 a6 11. a3 Rb8 12. f4 Nc6 13. Nxc6 bxc6 14. Bxa6 Nd7 15. f5 Bxf5 16. exf5 Bf6 17. Bd4 Ne5 18. Ne4 Nd7 19. Nxf6+ Nxf6 20. Re1 c5 21. Bc3 d5 22. Be2 d4 23. Bd2 Qd5 24. g4 Qd6 25. Bf1 Nd5 26. Qf3 Nf6 27. Bf4 Qd7 28. Bg2 Rb6 29. Re5 c4 30. Rc5 c3 31. Rxc7 Qa4 32. b3 Qxa3 33. Rc4 Qa2 34. Qd1 d3 35. cxd3 Qa6 36. Qc2 Rc8 37. Qxc3 Rf8 38. Ra1 Qb5 39. b4 Qe8 40. Ra8 Qe7 41. Rxf8+ Kxf8 42. Rc8+ Ne8 43. Bc6 Rxc6 44. Rxc6 Qa7+ 45. Qc5+ Qxc5+ 46. bxc5 Nf6 47. Bg5 Ke7 48. Bxf6+ gxf6 49. Rd6 h6 50. Rd4 Ke8 51. c6 h5 52. c7 Kf8 53. c8=Q+ Kg7 54. gxh5 Kh6 55. Rg4 Kh7 56. h6 Kxh6 57. Qh8# 1-0

[Event "CZE-ch Youth G10-G12-G14 2022"]
[Site "Luhacovice"]
[Date "2022.03.15"]
[Round "5.38"]
[White "Dominikova, Denisa"]
[Black "Vacekova Anita"]
[Result "1/2-1/2"]
[ECO "C93"]
[WhiteElo "1254"]
[BlackElo "1000"]
[Annotator "NA"]
[PlyCount "109"]
[EventDate "2022.03.12"]
[EventType "swiss"]
[EventCountry "CZE"]
[SourceTitle "playchess.com"]
[Source "ChessBase"]
[SourceQuality "1"]
[TimeControl "40/5400+30:1800+30"]

1. e4 e5 2. Nf3 Nc6 3. Bb5 a6 4. Ba4 Nf6 5. O-O Be7 6. Re1 b5 7. Bb3 O-O 8. c3 d6 9. h3 h6 10. d4 Nh7 11. Bd5 Bb7 12. dxe5 Qc8 13. Bf4 Nxe5 14. Nxe5 dxe5 15. Bxe5 Rd8 16. Qb3 Bxd5 17. exd5 Bc5 18. Bg3 Nf6 19. Rd1 Ne4 20. Rd3 Nxg3 21. Rxg3 Qf5 22. Rf3 Qxd5 23. Qxd5 Rxd5 24. Na3 Re8 25. b4 Bb6 26. c4 bxc4 27. Nxc4 Bd4 28. Rc1 c5 29. Nb6 Rde5 30. bxc5 Bxc5 31. Nd7 Re1+ 32. Rxe1 Rxe1+ 33. Kh2 Bd6+ 34. g3 Re7 35. Nb6 Re2 36. a3 Bc5 37. Nc4 Rxf2+ 38. Rxf2 Bxf2 39. Kg2 Bc5 40. Kf3 h5 41. Ke4 Bf2 42. g4 hxg4 43. hxg4 Kh7 44. g5 Bc5 45. a4 f6 46. gxf6 gxf6 47. Kf5 Kg7 48. Na5 Bb4 49. Nc6 Bc3 50. a5 Kf7 51. Nb8 Bxa5 52. Nxa6 Ke7 53. Nc5 Bc3 54. Ne4 Be5 55. Nxf6 1/2-1/2

[Event "CZE-ch Youth G10-G12-G14 2022"]
[Site "Luhacovice"]
[Date "2022.03.15"]
[Round "5.39"]
[White "Dorazilova, Kristyna"]
[Black "Kaplanova, Dominika"]
[Result "1-0"]
[ECO "B12"]
[WhiteElo "1240"]
[BlackElo "1269"]
[Annotator "NA"]
[PlyCount "120"]
[EventDate "2022.03.12"]
[EventType "swiss"]
[EventCountry "CZE"]
[SourceTitle "playchess.com"]
[Source "ChessBase"]
[SourceQuality "1"]
[TimeControl "40/5400+30:1800+30"]

1. e4 c6 2. d4 d5 3. f3 e6 4. Nc3 Bb4 5. Nge2 Ne7 6. a3 Ba5 7. g3 Nd7 8. Bg2 Ng6 9. O-O O-O 10. e5 Bb6 11. Kh1 c5 12. f4 Nb8 13. Be3 cxd4 14. Bxd4 Nc6 15. Na4 Bxd4 16. Nxd4 Bd7 17. Nc3 Qb6 18. Nb3 a5 19. Na4 Qc7 20. Qd2 Rfc8 21. Nc3 Qb6 22. Qf2 Qxf2 23. Rxf2 Nce7 24. Nd4 Rc4 25. Rd1 Rac8 26. Bf1 R4c7 27. Rdd2 a4 28. Kg1 Rc5 29. Bd3 Nf8 30. Kf1 Rxc3 31. bxc3 Rxc3 32. Bb5 Bxb5+ 33. Nxb5 Rc5 34. Nd4 Nd7 35. Rd3 Nb6 36. Rff3 Nc4 37. Ke2 Nc6 38. Nxc6 bxc6 39. h4 Rb5 40. Rc3 Rb1 41. Rfd3 Kf8 42. Rd1 Rb2 43. Ra1 Ke7 44. h5 Kd7 45. Rd1 Kc7 46. Ra1 c5 47. g4 Kb6 48. g5 Kb5 49. Kd1 Na5 50. Kc1 d4 51. Kxb2 dxc3+ 52. Kxc3 Kc6 53. Rd1 Nb7 54. Rd2 Kc7 55. g6 fxg6 56. Rg2 Kc6 57. hxg6 h6 58. Rh2 Kd5 59. Rxh6 Ke4 60. Rh7 Kxf4 1-0

[Event "CZE-ch Youth G10-G12-G14 2022"]
[Site "Luhacovice"]
[Date "2022.03.15"]
[Round "5.40"]
[White "Archlebova, Stela"]
[Black "Myskova, Veronika"]
[Result "1-0"]
[ECO "B31"]
[WhiteElo "1121"]
[BlackElo "1117"]
[Annotator "NA"]
[PlyCount "83"]
[EventDate "2022.03.12"]
[EventType "swiss"]
[EventCountry "CZE"]
[SourceTitle "playchess.com"]
[Source "ChessBase"]
[SourceQuality "1"]
[TimeControl "40/5400+30:1800+30"]

1. e4 c5 2. Nf3 Nc6 3. Bb5 g6 4. O-O Bg7 5. d3 Nf6 6. Nc3 O-O 7. Be3 d6 8. h3 Be6 9. Qd2 Nd4 10. Nxd4 cxd4 11. Bxd4 Qc8 12. Kh2 Ng4+ 13. hxg4 Bxd4 14. Nd5 Qd8 15. c3 Bg7 16. Qe2 Kh8 17. Rh1 a6 18. Ba4 b5 19. Bb3 Rb8 20. Nb4 Be5+ 21. Kg1 Bd7 22. Qe3 Bxg4 23. Nc6 Qe8 24. Nxb8 Qxb8 25. Qh6 Bh5 26. Bd1 Bg7 27. Qf4 Bxd1 28. Rxd1 Qc8 29. Qh4 h6 30. Qxe7 Qg4 31. f3 Qf4 32. Qh4 Qxh4 33. Rxh4 f5 34. exf5 Rxf5 35. Re4 a5 36. Re8+ Kh7 37. Re7 b4 38. cxb4 axb4 39. Rb7 Rf4 40. Re1 Kg8 41. Re8+ Bf8 42. Reb8 1-0